| TOP OF THE 1ST |
|
Wisconsin Rapids Timber Rattlers batting - Pitching for Cedar Rapids Cardinals : RHP John Chomin
|
|
Pitching: RHP John Chomin
|
|
|
Batting: RHB Tim Pyznarski
|
0-0: Called Strike 0-1: Ball 1-1: Ball 2-1: Called Strike 2-2: Fly out, F8 (Flyball, 8RM, EV 98.1 MPH)
|
|
Batting: RHB Jim Presley
|
0-0: SINGLE (Groundball, 6M, EV 101.9 MPH) (infield hit)
|
|
Batting: LHB Dion James
|
0-0: Ball 1-0: Ball 2-0: Foul Ball, location: 2F 2-1: Ball 3-1: Base on Balls Jim Presley to second
|
|
Batting: LHB Greg Smith
|
0-0: Reached on error, E3 (Groundball, 3, EV 88.8 MPH) Jim Presley to third Dion James to second
|
|
Batting: RHB Barbaro Garbey
|
0-0: Ball 1-0: Called Strike 1-1: Foul Ball, location: 2F 1-2: Foul Ball, location: 2F 1-2: Hit by Pitch Jim Presley scores Dion James to third Greg Smith to second
|
|
Batting: LHB Matt Hall
|
0-0: Foul Ball, location: 2F 0-1: Ball 1-1: Foul Ball, location: 2F 1-2: Fly out, F8 (Flyball, 78M, EV 81.3 MPH) Runner from 3rd tags up, SCORES, throw by CF
|
|
Batting: RHB Darryl Motley
|
0-0: Ball 1-0: Ball 2-0: Fly out, F4 (Popup, 3D, EV 60.0 MPH)
|
| Top of the 1st over - 2 runs, 1 hit, 1 error, 2 left on base; Wisconsin Rapids 2 - Cedar Rapids 0 |
| BOTTOM OF THE 1ST |
|
Cedar Rapids Cardinals batting - Pitching for Wisconsin Rapids Timber Rattlers : LHP Jesus Sausedo
|
|
Pitching: LHP Jesus Sausedo
|
|
|
Batting: RHB Nehames Bernstine
|
0-0: Swinging Strike 0-1: Called Strike 0-2: Ball 1-2: Strikes out swinging
|
|
Batting: RHB Reggie D Williams
|
0-0: Ground out 4-3 (Groundball, 4, EV 83.1 MPH)
|
|
Batting: RHB Winston Ficklin
|
0-0: Fly out, F8 (Line Drive, 8LM, EV 92.5 MPH)
|
| Bottom of the 1st over - 0 runs, 0 hits, 0 errors, 0 left on base; Wisconsin Rapids 2 - Cedar Rapids 0 |
| TOP OF THE 2ND |
|
Wisconsin Rapids Timber Rattlers batting - Pitching for Cedar Rapids Cardinals : RHP John Chomin
|
|
Batting: RHB Al Pedrique
|
0-0: Fly out, F9 (Flyball, 9LD, EV 106.3 MPH)
|
|
Batting: RHB Phil Lombardi
|
0-0: Ball 1-0: Foul Ball, location: 2F 1-1: Ball 2-1: Ball 3-1: Base on Balls
|
|
Batting: RHB Tim Pyznarski
|
0-0: Foul Ball, location: 2F 0-1: DOUBLE (Flyball, 8RD, EV 98.8 MPH) Phil Lombardi to third
|
|
Batting: RHB Jim Presley
|
0-0: DOUBLE (Groundball, 5L, EV 95.0 MPH) Phil Lombardi scores Tim Pyznarski scores
|
|
Batting: LHB Dion James
|
0-0: Called Strike 0-1: Ball 1-1: Fly out, F7 (Flyball, 78D, EV 97.5 MPH) Runner from 2nd tags up, SAFE at 3rd with throw by LF
|
|
Batting: LHB Greg Smith
|
0-0: Called Strike 0-1: Fly out, F7 (Flyball, 78D, EV 104.4 MPH)
|
| Top of the 2nd over - 2 runs, 2 hits, 0 errors, 1 left on base; Wisconsin Rapids 4 - Cedar Rapids 0 |
| BOTTOM OF THE 2ND |
|
Cedar Rapids Cardinals batting - Pitching for Wisconsin Rapids Timber Rattlers : LHP Jesus Sausedo
|
|
Batting: RHB Ronald Grout
|
0-0: Ball 1-0: Foul Ball, location: 2F 1-1: Fly out, F7 (Flyball, 7D, EV 92.5 MPH)
|
|
Batting: RHB Carson Carroll
|
0-0: Ball 1-0: Swinging Strike 1-1: Called Strike 1-2: Strikes out swinging
|
|
Batting: RHB Dean Kornacker
|
0-0: Called Strike 0-1: Ground out 6-3 (Groundball, 6MS, EV 91.9 MPH)
|
| Bottom of the 2nd over - 0 runs, 0 hits, 0 errors, 0 left on base; Wisconsin Rapids 4 - Cedar Rapids 0 |
| TOP OF THE 3RD |
|
Wisconsin Rapids Timber Rattlers batting - Pitching for Cedar Rapids Cardinals : RHP John Chomin
|
|
Batting: RHB Barbaro Garbey
|
0-0: Called Strike 0-1: Ball 1-1: Ball 2-1: Fly out, F9 (Line Drive, 9S, EV 99.4 MPH)
|
|
Batting: LHB Matt Hall
|
0-0: Ball 1-0: Swinging Strike 1-1: Ball 2-1: Foul Ball, location: 2F 2-2: Foul Ball, location: 2F 2-2: Foul Ball, location: 2F 2-2: Ground out 6-3 (Groundball, 6, EV 78.1 MPH)
|
|
Batting: RHB Darryl Motley
|
0-0: Foul Ball, location: 2F 0-1: Ball 1-1: Fly out, F9 (Flyball, 89M, EV 93.1 MPH)
|
| Top of the 3rd over - 0 runs, 0 hits, 0 errors, 0 left on base; Wisconsin Rapids 4 - Cedar Rapids 0 |
| BOTTOM OF THE 3RD |
|
Cedar Rapids Cardinals batting - Pitching for Wisconsin Rapids Timber Rattlers : LHP Jesus Sausedo
|
|
Batting: RHB Miguel Sosa
|
0-0: Called Strike 0-1: DOUBLE (Flyball, 8LXD, EV 106.9 MPH)
|
|
Batting: RHB Paul Bard
|
0-0: Called Strike 0-1: Ball 1-1: Ground out 5-3 (Groundball, 56, EV 83.8 MPH)
|
|
Batting: SHB Duane Johnson
|
0-0: Ball 1-0: Ball 2-0: SINGLE (Groundball, 56D, EV 96.9 MPH) Miguel Sosa to third Runner from 3rd tries for Home, SAFE, throw by LF to home
|
|
Batting: RHB Nehames Bernstine
|
0-0: Foul Ball, location: 2F 0-1: Fielders Choice at 2nd, 6-4 (Groundball, 6, EV 87.5 MPH)
|
|
Batting: RHB Reggie D Williams
|
0-0: Fly out, F5 (Line Drive, 5, EV 73.8 MPH)
|
| Bottom of the 3rd over - 1 run, 2 hits, 0 errors, 1 left on base; Wisconsin Rapids 4 - Cedar Rapids 1 |
| TOP OF THE 4TH |
|
Wisconsin Rapids Timber Rattlers batting - Pitching for Cedar Rapids Cardinals : RHP John Chomin
|
|
Batting: RHB Al Pedrique
|
0-0: Ball 1-0: Ball 2-0: Ball 3-0: Swinging Strike 3-1: Base on Balls
|
|
Batting: RHB Phil Lombardi
|
0-0: Fly out, F7 (Flyball, 78M, EV 85.6 MPH)
|
|
Batting: RHB Tim Pyznarski
|
0-0: SINGLE (Groundball, 56S, EV 71.9 MPH) (infield hit) Al Pedrique to second
|
|
Batting: RHB Jim Presley
|
0-0: Called Strike 0-1: Fielders Choice at 2nd, 6-4 (Groundball, 6D, EV 81.3 MPH) Al Pedrique to third
|
|
Batting: LHB Dion James
|
0-0: Ball 1-0: Ball 2-0: Called Strike 2-1: Foul Ball, location: 2F 2-2: Ground out 4-3 (Groundball, 4, EV 109.4 MPH)
|
| Top of the 4th over - 0 runs, 1 hit, 0 errors, 2 left on base; Wisconsin Rapids 4 - Cedar Rapids 1 |
| BOTTOM OF THE 4TH |
|
Cedar Rapids Cardinals batting - Pitching for Wisconsin Rapids Timber Rattlers : LHP Jesus Sausedo
|
|
Batting: RHB Winston Ficklin
|
0-0: Swinging Strike 0-1: Ball 1-1: Swinging Strike 1-2: Ball 2-2: Strikes out swinging
|
|
Batting: RHB Ronald Grout
|
0-0: Ball 1-0: Ball 2-0: Ball 3-0: Base on Balls
|
|
Batting: RHB Carson Carroll
|
0-0: Ball 1-0: SINGLE (Groundball, 5S, EV 67.5 MPH) (infield hit) Ronald Grout to second
|
|
Batting: RHB Dean Kornacker
|
0-0: Foul Ball, location: 2F 0-1: Grounds into double play, 5-4-3 (Groundball, 56, EV 81.3 MPH)
|
| Bottom of the 4th over - 0 runs, 1 hit, 0 errors, 1 left on base; Wisconsin Rapids 4 - Cedar Rapids 1 |
| TOP OF THE 5TH |
|
Wisconsin Rapids Timber Rattlers batting - Pitching for Cedar Rapids Cardinals : RHP John Chomin
|
|
Batting: LHB Greg Smith
|
0-0: Ball 1-0: Ball 2-0: Called Strike 2-1: Swinging Strike 2-2: Foul Ball, location: 2F 2-2: Fly out, F8 (Flyball, 8LD, EV 100.6 MPH)
|
|
Batting: RHB Barbaro Garbey
|
0-0: Fly out, F9 (Flyball, 9LS, EV 78.8 MPH)
|
|
Batting: LHB Matt Hall
|
0-0: Called Strike 0-1: Ball 1-1: Fly out, F8 (Line Drive, 8LD, EV 107.5 MPH)
|
| Top of the 5th over - 0 runs, 0 hits, 0 errors, 0 left on base; Wisconsin Rapids 4 - Cedar Rapids 1 |
| BOTTOM OF THE 5TH |
|
Cedar Rapids Cardinals batting - Pitching for Wisconsin Rapids Timber Rattlers : LHP Jesus Sausedo
|
|
Batting: RHB Miguel Sosa
|
0-0: Called Strike 0-1: Ball 1-1: Ball 2-1: SINGLE (Flyball, 3D, EV 91.3 MPH)
|
|
Batting: RHB Paul Bard
|
0-0: Ball 1-0: Called Strike 1-1: Called Strike 1-2: Strikes out swinging
|
|
Batting: SHB Duane Johnson
|
0-0: Called Strike 0-1: Ball Miguel Sosa steals 2nd base 1-1: SINGLE (Line Drive, 4D, EV 96.3 MPH) Miguel Sosa to third Runner from 3rd tries for Home, throw by RF and OUT! 9-2
|
|
Batting: RHB Nehames Bernstine
|
0-0: Ball 1-0: Called Strike 1-1: Ball 2-1: Called Strike 2-2: SINGLE (Line Drive, 5D, EV 96.9 MPH) Duane Johnson to second
|
|
Batting: RHB Reggie D Williams
|
0-0: Called Strike 0-1: Called Strike 0-2: Ground out 6-3 (Groundball, 6S, EV 85.0 MPH)
|
| Bottom of the 5th over - 0 runs, 3 hits, 0 errors, 2 left on base; Wisconsin Rapids 4 - Cedar Rapids 1 |
| TOP OF THE 6TH |
|
Wisconsin Rapids Timber Rattlers batting - Pitching for Cedar Rapids Cardinals : RHP John Chomin
|
|
Batting: RHB Darryl Motley
|
0-0: Foul Ball, location: 2F 0-1: Ball 1-1: Ball 2-1: Foul Ball, location: 2F 2-2: Foul Ball, location: 2F 2-2: Fly out, F8 (Flyball, 89D, EV 79.4 MPH)
|
|
Batting: RHB Al Pedrique
|
0-0: Ball 1-0: Fly out, F8 (Flyball, 8RD, EV 98.8 MPH)
|
|
Batting: RHB Phil Lombardi
|
0-0: Fly out, F6 (Popup, 6, EV 62.5 MPH)
|
| Top of the 6th over - 0 runs, 0 hits, 0 errors, 0 left on base; Wisconsin Rapids 4 - Cedar Rapids 1 |
| BOTTOM OF THE 6TH |
|
Cedar Rapids Cardinals batting - Pitching for Wisconsin Rapids Timber Rattlers : LHP Jesus Sausedo
|
|
Batting: RHB Winston Ficklin
|
0-0: Ball 1-0: Ball 2-0: Ball 3-0: Called Strike 3-1: Called Strike 3-2: Base on Balls
|
|
Batting: RHB Ronald Grout
|
0-0: Ball 1-0: Fly out, F3 (Popup, 3SF, EV 75.0 MPH)
|
|
Batting: RHB Carson Carroll
|
0-0: Called Strike 0-1: Ball 1-1: Ball Winston Ficklin steals 2nd base 2-1: SINGLE (Groundball, 56D, EV 103.8 MPH) Winston Ficklin to third Runner from 3rd tries for Home, SAFE, throw by LF to home
|
|
Batting: RHB Dean Kornacker
|
0-0: Called Strike 0-1: Fielders Choice at 2nd, 5-4 (Groundball, 56S, EV 85.6 MPH)
|
|
Batting: RHB Miguel Sosa
|
0-0: Called Strike 0-1: Called Strike 0-2: Ball 1-2: Fielders Choice at 2nd, 6-4 (Groundball, 6, EV 86.9 MPH)
|
| Bottom of the 6th over - 1 run, 1 hit, 0 errors, 1 left on base; Wisconsin Rapids 4 - Cedar Rapids 2 |
| TOP OF THE 7TH |
|
Wisconsin Rapids Timber Rattlers batting - Pitching for Cedar Rapids Cardinals : RHP John Chomin
|
|
Batting: RHB Tim Pyznarski
|
0-0: Called Strike 0-1: Ball 1-1: Called Strike 1-2: Foul Ball, location: 2F 1-2: Ball 2-2: Ball 3-2: Foul Ball, location: 2F 3-2: Base on Balls
|
|
Batting: RHB Jim Presley
|
0-0: Called Strike 0-1: Ball 1-1: Fly out, F9 (Line Drive, 9S, EV 105.0 MPH)
|
|
Batting: LHB Dion James
|
0-0: Called Strike Tim Pyznarski is caught stealing 2nd base 2-6 0-1: Ball 1-1: Foul Ball, location: 2F 1-2: Strikes out swinging
|
| Top of the 7th over - 0 runs, 0 hits, 0 errors, 0 left on base; Wisconsin Rapids 4 - Cedar Rapids 2 |
| BOTTOM OF THE 7TH |
|
Cedar Rapids Cardinals batting - Pitching for Wisconsin Rapids Timber Rattlers : LHP Jesus Sausedo
|
|
Batting: RHB Paul Bard
|
0-0: Foul Ball, location: 2F 0-1: Called Strike 0-2: Ball 1-2: Ball 2-2: Ball 3-2: Foul Ball, location: 2F 3-2: Ground out 6-3 (Groundball, 6, EV 80.6 MPH)
|
|
Batting: SHB Duane Johnson
|
0-0: Ball 1-0: Foul Ball, location: 2F 1-1: Ground out 3-1 (Groundball, 34, EV 106.9 MPH)
|
|
Batting: RHB Nehames Bernstine
|
0-0: Ball 1-0: Called Strike 1-1: Ball 2-1: Ball 3-1: Called Strike 3-2: Foul Ball, location: 2F 3-2: Base on Balls
|
|
Batting: RHB Reggie D Williams
|
0-0: Ball Nehames Bernstine is caught stealing 2nd base 2-4
|
| Bottom of the 7th over - 0 runs, 0 hits, 0 errors, 0 left on base; Wisconsin Rapids 4 - Cedar Rapids 2 |
| TOP OF THE 8TH |
|
Wisconsin Rapids Timber Rattlers batting - Pitching for Cedar Rapids Cardinals : RHP John Chomin
|
|
Batting: LHB Greg Smith
|
0-0: Ball 1-0: Foul Ball, location: 2F 1-1: Ground out 4-3 (Groundball, 4, EV 104.4 MPH)
|
|
Batting: RHB Barbaro Garbey
|
0-0: Ball 1-0: Foul Ball, location: 2F 1-1: Foul Ball, location: 2F 1-2: Ball 2-2: Foul Ball, location: 2F 2-2: Ball 3-2: Base on Balls
|
|
Batting: LHB Matt Hall
|
0-0: Called Strike 0-1: Foul Ball, location: 2F 0-2: Fly out, F9 (Line Drive, 9D, EV 89.4 MPH)
|
|
Batting: RHB Darryl Motley
|
0-0: Called Strike Barbaro Garbey steals 2nd base 0-1: Ball 1-1: Ball 2-1: Ball 3-1: Foul Ball, location: 2F 3-2: Foul Ball, location: 2F 3-2: Foul Ball, location: 2F 3-2: Foul Ball, location: 2F 3-2: Ground out 4-3 (Groundball, 4M, EV 88.8 MPH)
|
| Top of the 8th over - 0 runs, 0 hits, 0 errors, 1 left on base; Wisconsin Rapids 4 - Cedar Rapids 2 |
| BOTTOM OF THE 8TH |
|
Cedar Rapids Cardinals batting - Pitching for Wisconsin Rapids Timber Rattlers : LHP Jesus Sausedo
|
|
Batting: RHB Reggie D Williams
|
0-0: Called Strike 0-1: Ground out 6-3 (Groundball, 6, EV 91.3 MPH)
|
|
Batting: RHB Winston Ficklin
|
0-0: Ball 1-0: Foul Ball, location: 2F 1-1: Swinging Strike 1-2: Reached on error, E5 (Groundball, 56S, EV 90.0 MPH)
|
|
Pitching: LHP Mercedes Esquer
|
|
|
Batting: RHB Ronald Grout
|
0-0: Foul Ball, location: 2F 0-1: Fly out, F9 (Flyball, 9LS, EV 71.9 MPH)
|
|
Batting: RHB Carson Carroll
|
0-0: Ground out 5-3 (Groundball, 56, EV 89.4 MPH)
|
| Bottom of the 8th over - 0 runs, 0 hits, 1 error, 1 left on base; Wisconsin Rapids 4 - Cedar Rapids 2 |
| TOP OF THE 9TH |
|
Wisconsin Rapids Timber Rattlers batting - Pitching for Cedar Rapids Cardinals : RHP John Chomin
|
|
Batting: RHB Al Pedrique
|
0-0: SINGLE (Line Drive, 8LS, EV 105.0 MPH)
|
|
Batting: RHB Phil Lombardi
|
0-0: Ball 1-0: Fly out, F7 (Line Drive, 7, EV 108.1 MPH)
|
|
Batting: RHB Tim Pyznarski
|
0-0: Ball 1-0: Ball 2-0: Foul Ball, location: 2F 2-1: SINGLE (Line Drive, 9S, EV 100.6 MPH) Al Pedrique to second
|
|
Pitching: RHP Donald Oliver
|
|
|
Batting: RHB Jim Presley
|
0-0: Ball 1-0: Fly out, F8 (Flyball, 8RD, EV 95.6 MPH)
|
|
Batting: LHB Dion James
|
0-0: Called Strike 0-1: Ball 1-1: Ground out U3 (Groundball, 3L, EV 82.5 MPH)
|
| Top of the 9th over - 0 runs, 2 hits, 0 errors, 2 left on base; Wisconsin Rapids 4 - Cedar Rapids 2 |
| BOTTOM OF THE 9TH |
|
Cedar Rapids Cardinals batting - Pitching for Wisconsin Rapids Timber Rattlers : LHP Mercedes Esquer
|
|
Pitching: LHP Scott Bailes
|
|
|
Batting: RHB Dean Kornacker
|
0-0: Ground out 4-3 (Groundball, 4, EV 78.1 MPH)
|
|
Batting: RHB Miguel Sosa
|
0-0: Ground out 6-3 (Groundball, 6, EV 88.8 MPH)
|
|
Batting: RHB Paul Bard
|
0-0: Ball 1-0: Foul Ball, location: 2F 1-1: Ball 2-1: Foul Ball, location: 2F 2-2: Foul Ball, location: 2F 2-2: Strikes out looking
|
| Bottom of the 9th over - 0 runs, 0 hits, 0 errors, 0 left on base; Wisconsin Rapids 4 - Cedar Rapids 2 |
|